Unix NetHack Version 5.0.0-0 post-release - last build Jun 10 2026 00:39:30 (3ee93aec679c4c4259841fe613dc97188e26a321,branch:main).

Game began 2026-06-10 11:31:05, ended 2026-06-10 11:40:57.

FutureTim, lawful female human Valkyrie

                              -------                      -----
                           ###......|                      |..<|
              ---------    #  |.....|                      ....|
              |.......|    #  --.-+--                      |....#
              |.......|    #    #######                    -----#
              |.....(.|    #         #                          ##
              |.......|    #         #                           #
              |........#####         #                           #
              ----|----            ######                        #
                  @#              -----.-                        #
                   #              |.}...|                        #
                                 0|.....+                       ###
                                ##..}.}.|                       ###------.--
          ---- ------+----       #|..}..|                        ##|(......|
          |..............|    #  #|.....|                        ##+.......|
          |...............##0#####-------                         #|.......|
          |........%.....|#####                                   #|.......|
          ................#                                       #-.......|
          ----------------                                         ---------

FutureTim the Skirmisher    St:18 Dx:12 Co:18 In:8 Wi:10 Ch:10  Lawful
Dlvl:3  $:42 HP:33(33) Pw:8(8) AC:6  Xp:3 T:1404 

Latest messages:
 You try to move the boulder, but in vain.
 You try to move the boulder, but in vain.
 The large kobold picks up a burnt pair of hiking boots.
 The jackal bites!
 You kill the jackal!
 The large kobold puts on a burnt pair of hiking boots.
 You see here a scroll labeled DUAM XNAHT.
 y - a scroll labeled DUAM XNAHT.
 The large kobold hits!
 You kill the large kobold!
 What do you want to read? [xy or ?*] y
 As you read the scroll, it disappears.
 A lit field surrounds you!
 There is a fountain here.
 You see here a burnt pair of hiking boots.
 z - a burnt pair of hiking boots.
 What do you want to wear? [z or ?*] z
 You finish your dressing maneuver.
 What do you want to dip? [a-hjouvxz or ?*] ?
 Dip a burnt -1 pair of hiking boots (being worn) into the fountain? [yn] (n) y
 Water gushes forth from the overflowing fountain!
 What do you want to dip? [a-hjouvxz or ?*] ?
 Dip a burnt -1 pair of hiking boots (being worn) into the fountain? [yn] (n) y
 The fountain dries up!
 You avoid stepping into the pool of water.
 (Tip: use 'm' prefix to step in if you really want to.)
 You find a hidden door.
 You trip over your own feet.
 You trip over your own feet.
 You find a hidden door.
 You slip and nearly fall.
 You flounder.
 Are you sure you want to pray? [yn] (n) y
 You begin praying to Tyr.
 You are surrounded by a shimmering light.
 You hear the footsteps of a guard on patrol.
 You finish your prayer.
 You feel that Tyr is well-pleased.
 What do you want to use or apply? [ehjv or ?*] <enter>
 Never mind.
 What do you want to zap? [ev or ?*] ?
 In what direction? .
 What do you want to zap? [ev or ?*] v
 In what direction? .
 Status of FutureTim (devoutly lawful):  Level 3  HP 33(33)  AC 6.
 You stumble.
 You flounder.
 You can't.  They are cursed.
 Really quit without saving? [yn] (n) y
 Do you want your possessions identified? [ynq] (y) q

Inventory:
 Coins    ('$')
  $ - 42 gold pieces
 Weapons  (')')
  b - a +0 dagger (alternate weapon; not wielded)
  a - a +1 spear (weapon in right hand)
  j - a cursed +0 axe
 Armor    ('[')
  o - an uncursed +0 orcish helm (being worn)
  z - a cursed burnt -1 pair of fumble boots (being worn)
  c - an uncursed +3 small shield (being worn)
 Comestibles  ('%')
  u - a cursed cram ration
  d - 3 uncursed food rations
  g - a cursed food ration
 Scrolls  ('?')
  x - an uncursed scroll of identify
 Rings    ('=')
  f - an uncursed ring of searching (on right hand)
 Wands    ('/')
  v - a wand of probing (0:6)
  e - a wand of slow monster (0:2)
 Tools    ('(')
  h - a cursed tin whistle

FutureTim the Valkyrie's attributes:

Background:
 You were a Skirmisher, a level 3 human Valkyrie.
 You were lawful, on a mission for Tyr
 who was opposed by Odin (neutral) and Loki (chaotic).
 You were right-handed.
 You were in the Dungeons of Doom, on level 3.
 You entered the dungeon 1404 turns ago.
 You had 57 experience points, 23 more were needed to attain level 4.

Basics:
 You had all 33 hit points.
 You had all 8 energy points (spell power).
 Your armor class was 6.
 Your wallet contained 42 zorkmids.
 Autopickup was off.

Final Characteristics:
 Your strength was 18 (limit:18/100).
 Your dexterity was 12 (limit:18).
 Your constitution was 18 (limit:18).
 Your intelligence was 8 (limit:18).
 Your wisdom was 10 (limit:18).
 Your charisma was 10 (limit:18).

Final Status:
 You fumbled.
 You weren't hungry.
 You were unencumbered.
 You were wielding a spear.
 You had basic skill with spear.

Final Attributes:
 You were devoutly aligned.
 You were cold resistant.
 You saw invisible.
 You had automatic searching.
 You were stealthy.
 You survived.

Miscellaneous:
 You didn't encounter any bones levels.
 Total elapsed playing time was 9 minutes and 52 seconds.

Major events:
 Turn
    1: FutureTim the lawful human Valkyrie entered the dungeon
 1274: attained the rank of Skirmisher (level 3)
 1404: quit

You didn't know any spells.

Skills:
 Fighting Skills
   bare handed combat [Unskilled]
   two weapon combat  [Unskilled]
   riding             [Unskilled]
 Weapon Skills
   dagger             [Basic]
   axe                [Unskilled]
   pick-axe           [Unskilled]
   short sword        [Unskilled]
   broadsword         [Unskilled]
   long sword         [Unskilled]
   two-handed sword   [Unskilled]
   saber              [Unskilled]
   hammer             [Unskilled]
   quarterstaff       [Unskilled]
   polearms           [Unskilled]
   spear              [Basic]
   trident            [Unskilled]
   lance              [Unskilled]
   sling              [Unskilled]
 Spellcasting Skills
   attack spells      [Unskilled]
   escape spells      [Unskilled]

Voluntary challenges:
 Character rerolling was not enabled.
 You never genocided any monsters.
 You never polymorphed an object.
 You never changed form.
 You used no wishes.
Achievements:
 You entered a shop.
 You attained the rank of Skirmisher.

 The Dungeons of Doom: levels 1 to 3
    Level 1:
    Level 2:
       A potion shop.
    Level 3: <- You were here.


Vanquished creatures:
  a large kobold
  a giant rat
  a brown mold
  a green mold
  3 jackals
  3 foxes
  a kobold
  3 goblins
  6 grid bugs
  a bat
  4 lichens
  5 newts
30 creatures vanquished.

No species were genocided or became extinct.

Farvel FutureTim the Valkyrie...

You quit in The Dungeons of Doom on dungeon level 3 with 450 points,
and 42 pieces of gold, after 1404 moves.
You were level 3 with a maximum of 33 hit points when you quit.

